AoeStats
← Oden

Coastal Forest

510616199Analyzed
4v4 RM · 17h ago on Oct 1, 2026· 28m 15s· 8 players
Game mode
Random Map
Map size
Large (8 player)
Population
200
Speed
Normal
Resources
Standard
Victory
Conquest
Starting age
Dark Age
Ending age
Imperial Age
RankedLock teamsTeams togetherTeam positionsShared explorationLock speedFull tech treeHidden civsTurbo modeCheats
Victory
Defeat
🇺🇸 Huns · United States
1440
+14
🇧🇪 Varangians · Belgium
1428
+15
🇨🇳 Saxons · China
1404
+16
🇲🇽 Magyars · Mexico
1382
+16
🇨🇳 Magyars · China
1446
-18
🇨🇳 Huns · China
1397
-15
🇫🇷 Persians · France
1378
-14
🇨🇳 Franks · China
1361
-14
Niccals_
8:16 Loom
11:01 Feudal Age
14:45 Wheelbarrow
21:19 Castle Age
22:31 Fishing Lines
28:39 Double-Bit Axe
Enter a Name
7:04 Loom
10:06 Feudal Age
10:40 Double-Bit Axe
11:08 Horse Collar
16:41 Bloodlines
17:19 Scale Barding Armor
21:59 Castle Age
20:40 Forging
23:03 Chain Barding Armor
24:48 Husbandry
Whop
6:41 Loom
9:53 Feudal Age
10:58 Double-Bit Axe
14:36 Horse Collar
15:48 Bloodlines
21:22 Castle Age
19:19 Gold Mining
20:38 Wheelbarrow
21:46 Forging
21:43 Scale Barding Armor
22:42 Husbandry
24:35 Iron Casting
25:14 Chain Barding Armor
27:48 Heavy Plow
'Rhythm_' = idiot
6:19 Loom
8:58 Feudal Age
12:40 Fletching
18:22 Padded Archer Armor
24:22 Castle Age
24:26 Gold Mining
24:22 Horse Collar
24:27 Crossbowman
26:29 Bodkin Arrow
Oden
10:30 Feudal Age
9:42 Loom
15:23 Castle Age
13:50 Double-Bit Axe
21:50 Horse Collar
25:55 Wheelbarrow
26:56 Heavy Plow
30:46 Imperial Age
羊了个羊
8:20 Loom
10:49 Feudal Age
15:33 Castle Age
15:42 Double-Bit Axe
22:42 Scale Barding Armor
25:37 Bow Saw
Rain
6:23 Loom
9:00 Feudal Age
9:49 Double-Bit Axe
15:26 Scale Barding Armor
19:55 Bloodlines
26:26 Castle Age
26:33 Castle Age
26:19 Scale Mail Armor
26:37 Pikeman
27:03 Arson
27:35 Chain Mail Armor
无力回天
1:56 Loom
11:46 Feudal Age
12:21 Double-Bit Axe
15:31 Scale Barding Armor
15:37 Forging
15:41 Bloodlines
16:55 Fishing Lines
25:06 Fletching
25:18 Scale Mail Armor
Connection lost

Rejoining the realm…

Still unreachable

The connection could not be restored.

Session expired

The server has moved on; the page needs a fresh start.